 Dungeon Crawl Stone Soup version 0.31-a0-846-gb3bcc0d938 (webtiles) character file.

Game seed: 13054347161194723102

59 croobank the Sneak (level 4, -39/31 HPs)
             Began as an Octopode Delver on Oct 3, 2023.
             Killed by an exploding Ijyb (66 damage)
             ... ignited by their inner flame
             ... on level 3 of the Dungeon.
             The game lasted 00:06:47 (2109 turns).

croobank the Sneak (Octopode Delver)                Turns: 2109, Time: 00:06:47

Health: -39/31     AC:  1    Str: 13    XL:     4   Next: 3%
Magic:  13/13      EV: 14    Int:  9    God:
Gold:   161        SH:  0    Dex: 19    Spells: 3/3 levels left

rFire   x . .        a - +5 short sword
rCold   + . .        (no shield)
rNeg    . . .        (helmet restricted)
rPois   .            (no amulet)
rElec   .            g - ring of resist corrosion
rCorr   +            l - ring of Safasole {Ice Fly MP+9 Str+2 Int-5}
SInv    .            p - +6 ring of dexterity
Will    .....        (no ring)
Stlth   +++++        (no ring)
HPRegen 0.25/turn    (no ring)
MPRegen 0.13/turn    (no ring)
                     (no ring)

%: no passive effects
@: flying, studying Axes
A: almost no armour, amphibious, 8 rings, camouflage 1, gelatinous body 1,
(nimble swimmer 1), tentacles
a: no special abilities


You were on level 3 of the Dungeon.
You visited 1 branch of the dungeon, and saw 5 of its levels.

You collected 161 gold pieces.

Inventory:

Hand Weapons
 a - a +5 short sword (weapon)
Jewellery
 g - a ring of resist corrosion (left tentacle)
 l - the ring of Safasole (right tentacle) {Ice Fly MP+9 Str+2 Int-5}
   (You found it on level 2 of the Dungeon)

   [ring of ice]

   Ice:       It enhances your ice magic.
   Str+2:     It affects your strength (+2).
   Int-5:     It affects your intelligence (-5).
   rF-:       It makes you vulnerable to fire.
   rC+:       It protects you from cold.
   MP+9:      It affects your magic capacity (+9).
   Fly:       It grants you flight.
 p - a +6 ring of dexterity (on tentacle)
Talismans
 h - a blade talisman
 i - a flux talisman
 u - a maw talisman
Wands
 f - a wand of digging (3)
Scrolls
 b - 2 scrolls of fog
 c - a scroll of revelation
 d - 2 scrolls of fear
 n - a scroll of identify {unknown}
 s - a scroll of vulnerability {unknown}
Potions
 e - a potion of haste
 j - a potion of brilliance {unknown}
 k - a potion of magic {unknown}
 o - 2 potions of curing {unknown}
 q - 2 potions of berserk rage {unknown}
 r - 2 potions of enlightenment {unknown}
 t - a potion of heal wounds {unknown}
 w - a potion of degeneration {unknown}


   Skills:
 + Level 3.5 Fighting
 + Level 2.6 Short Blades
 + Level 2.7 Dodging
 + Level 7.1 Stealth


You had 3 spell levels left.
You didn't know any spells.
Your spell library contained the following spells:

 Spells                   Type           Power      Damage    Failure   Level
 Blink                    Tloc           0%         N/A       52%         2
 Poisonous Vapours        Pois/Air       0%         N/A       52%         2
 Inner Flame              Hex/Fire       0%         N/A       77%         3
 Mephitic Cloud           Conj/Pois/Air  0%         N/A       77%         3
 Manifold Assault         Tloc           0%         N/A       99%         4
 Freezing Cloud           Conj/Ice/Air   0%         6-21      100%        5
 Yara's Violent Unravell  Hex/Tmut       0%         3d3       100%        5
 Enfeeble                 Hex            0%         N/A       100%        7
 Haunt                    Necr/Summ      0%         N/A       100%        7
 Borgnjor's Revivificati  Necr           0%         N/A       100%        8
 Death's Door             Necr           0%         N/A       100%        9


Dungeon Overview and Level Annotations

Branches:
Dungeon (5/15)
 Temple: D:4-7

Altars:
Vehumet
Yredelemnul

Annotations:
D:2 1 runed translucent door, Crazy Yiuf


Innate Abilities, Weirdness & Mutations

You cannot wear most types of armour.
You are amphibious.
You can wear up to eight rings at the same time.
Your skin changes colour to match your surroundings (Stealth+).
Your rubbery body absorbs attacks. (AC +1, EV +1)
((You are camouflaged when in or above water. (Stealth+)))
You have tentacles for arms and can constrict up to eight enemies at once.


Message History

There is a stone staircase leading down here.
An orc comes into view.
It is wielding the +7 short sword of Fragile Peace {freeze, Dex+4 SInv}.
Found a robe.
No target in view!
No target in view!
No target in view!
Found a dagger.
No target in view!
No target in view!
You see here a +0 dagger.
There is a stone staircase leading up here.
Found 3 stones.
No target in view!
A bat comes into view.
An orc comes into view. It is wielding a +0 flail.
The helpless orc fails to defend itself.
You skewer the orc like a kebab!!!
You kill the orc!
No target in view!
No target in view!
Ijyb shouts!
Okay, then.
As you read the scroll labelled XAKUUQ JUULUSCH, it crumbles to dust.
The creatures around you are filled with an inner flame!
It was a scroll of immolation.
Ijyb zaps a wand.
You resist with some effort.
Okay, then.
Okay, then.
As you read the scroll of enchant weapon, it crumbles to dust.
Your +4 short sword glows red for a moment.
Ijyb hits you with a +0 club.
You closely miss Ijyb. You grab Ijyb. You constrict Ijyb, but do no damage.
Ijyb hits you but does no damage.
You hit Ijyb.
Flame seeps out of Ijyb. x2; You squeeze Ijyb.
Ijyb is heavily wounded.
You constrict Ijyb.
Flame seeps out of Ijyb.
Ijyb is engulfed in blazing flames.
Ijyb explodes!
The fiery explosion engulfs you!!! The fire burns you terribly!
Ouch! That really hurt!
You die...

..#######.###.# ##
..# #.# #.##.# ..#
#.# #.##.# ..# #.#
#.##.# ..#######.#
#.##.# ......)..>#
#.##.#
.(.....######.##.#
..####...........#
..# #########.#@#
..# ...#§○§# ..b
#.#..§#§... #..
.........#### ##
### #...# # #...#
#####


There were no monsters in sight!

Vanquished Creatures
  Ijyb (D:3)
  A worm (D:1)
  An orc (D:3)
  2 endoplasms (D:1)
  2 giant cockroaches (D:3)
  7 goblins
  5 hobgoblins
  5 jackals
  3 quokkas (D:1)
  A ball python (D:3)
  8 bats
  5 frilled lizards
  8 kobolds
  3 rats
52 creatures vanquished.

Notes
Turn   | Place    | Note
-------+----------+-------------------------------------------
     0 | D:5      | croobank the Octopode Delver began the quest for the Orb.
     0 | D:5      | Reached XP level 1. HP: 16/16 MP: 1/1
    54 | D:3      | Reached XP level 2. HP: 20/21 MP: 2/2
   241 | D:3      | Noticed Ijyb
   391 | D:2      | Found a runed translucent door.
   392 | D:2      | Noticed Crazy Yiuf
   493 | D:2      | Identified the ring of Safasole {Ice Fly MP+9 Str+2 Int-5}
   636 | D:1      | Reached XP level 3. HP: 13/26 MP: 3/3
   743 | D:1      | Reached skill level 7 in Stealth
  1206 | D:1      | Found a radiant altar of Vehumet.
  1877 | D:3      | Found a basalt altar of Yredelemnul.
  1925 | D:3      | Reached XP level 4. HP: 27/31 MP: 4/4
  1972 | D:3      | Identified the +7 short sword of Fragile Peace {freeze,
                  | Dex+4 SInv}
  2109 | D:3      | Killed Ijyb
  2109 | D:3      | Killed by an exploding Ijyb... ignited by their inner flame

Illustrated notes

Levels and vault maps discovered:
D:1:      dpeg_arrival_lava_altar, layout_rooms, nicolae_wormholes
D:2:      layout_basic, uniq_crazy_yiuf_cottage
D:3:      layout_loops_ring, lemuel_coloured_pillars_altar,
          nicolae_overflow_crystal_walls, uniq_ijyb
D:4:      layout_basic, mainiacjoe_overflow_alcove_2, uniq_grinder
D:5:      layout_loops_ring, tgw_fedhas

Skill      XL: |  1  2  3 |
---------------+----------+-----
Stealth        | 7 |  7.1
Fighting       | |  3.5
Short Blades   | |  2.6
Dodging        | |  2.7

Action                     |  1- 3 |  4- 6 || total
---------------------------+-------+-------++-------
  Melee: Short sword       |    83 |     3 ||    86
         Constrict         |    17 |     1 ||    18
         Tentacles         |    13 |     1 ||    14
         Punch             |     1 |       ||     1
    Use: Scroll            |     1 |     2 ||     3
   Stab: Sleeping          |    17 |     1 ||    18
         Distracted        |     1 |       ||     1
 Armour: Skin              |    18 |     3 ||    21
  Dodge: Dodged            |    47 |       ||    47

Table legend: (Time is in decaauts)
 A = Elapsed time spent in this place.
 B = Non-inter-level travel time spent in this place.
 C = Inter-level travel time spent in this place.
 D = Time resting spent in this place.
 E = Time spent auto-exploring this place.
 F = Levels seen in this place.
 G = Mean time per level.
                   A        B        C        D        E       F      G
               +--------+--------+--------+--------+--------+-----+--------+
         Total |   2097 |   1933 |    164 |     51 |   1444 |   5 |  419.4 |
       Dungeon |   2097 |   1933 |    164 |     51 |   1444 |   5 |  419.4 |
               +--------+--------+--------+--------+--------+-----+--------+

Top non-repeatable levels by time:
     D:2: 817 daAuts
     D:1: 738 daAuts
     D:3: 512 daAuts
     D:4: 19 daAuts
     D:5: 9 daAuts
